 Dungeon Crawl Stone Soup version 0.31.0-11-ge490571c62 (webtiles) character file.

Game seed: 12643265087400266411

51 qw the Shooter (level 3, -1/18 HPs)
             Began as a Spriggan Hunter on Feb 4, 2024.
             Slain by a hobgoblin (3 damage)
             ... led by Robin
             ... on level 2 of the Dungeon.
             The game lasted 00:00:02 (526 turns).

qw the Shooter (Spriggan Hunter)                     Turns: 526, Time: 00:00:03

Health: -1/18      AC:  5    Str:  7    XL:     3   Next: 58%
Magic:  4/4        EV: 19    Int: 10    God:
Gold:   55         SH:  0    Dex: 20    Spells: 2/2 levels left

rFire   . . .        a - +0 shortbow
rCold   . . .        (shield currently unavailable)
rNeg    . . .        c - +0 robe
rPois   .            (helmet restricted)
rElec   .            h - +2 cloak
rCorr   .            (gloves unavailable)
SInv    +            (boots unavailable)
Will    .....        (no amulet)
Stlth   ++           (no ring)
HPRegen 0.23/turn    (no ring)
MPRegen 0.09/turn

%: no passive effects
@: very quick
A: very small, no large weapons, unfitting armour, see invisible, speed 3
a: no special abilities


You were on level 2 of the Dungeon.
You visited 1 branch of the dungeon, and saw 2 of its levels.

You collected 55 gold pieces.


Innate Abilities, Weirdness & Mutations

You are very small and have problems with some larger weapons.
You are too small for most types of armour.
You have supernaturally acute eyesight. (SInv)
You cover ground extremely quickly. (Speed+++)


   Skills:
 - Level 1.5 Fighting
 + Level 4.8 Ranged Weapons
 - Level 4.0 Dodging
 - Level 1.5 Stealth


You had 2 spell levels left.
You didn't know any spells.
Your spell library was empty.

Inventory:

Hand Weapons
 a - a +0 shortbow (weapon)
Armour
 c - a +0 robe (worn)
 h - a +2 cloak (worn)
Potions
 f - a potion of haste {unknown}
 i - a potion of curing {unknown}

Dungeon Overview and Level Annotations

Branches:
Dungeon (2/15)

Altars:


Message History

The goblin hits you with a +0 dagger.
You shoot an arrow. The arrow closely misses the goblin.
The goblin closely misses you. The hobgoblin closely misses you.
The goblin hits you but does no damage.
You shoot an arrow. The arrow closely misses the goblin.
The goblin hits you but does no damage. The hobgoblin closely misses you.
The goblin barely misses you. The hobgoblin closely misses you.
The goblin closely misses you.
You shoot an arrow. The arrow closely misses the goblin.
The goblin misses you. x2; The hobgoblin misses you.
You shoot an arrow. The arrow closely misses the goblin.
The goblin closely misses you. The goblin barely misses you.
The hobgoblin closely misses you. The goblin barely misses you.
You shoot an arrow. The arrow hits the goblin.
The goblin is heavily wounded.
The goblin no longer looks unusually strong.
The goblin closely misses you. The hobgoblin closely misses you.
The goblin completely misses you.
You shoot an arrow. The arrow hits the goblin.
You kill the goblin!
The hobgoblin closely misses you. The goblin hits you but does no damage.
You shoot an arrow. The arrow closely misses the goblin.
The goblin hits you with a +0 dagger. The hobgoblin misses you.
The goblin hits you but does no damage.
You shoot an arrow. The arrow closely misses the goblin.
The goblin closely misses you. The hobgoblin hits you.
The goblin hits you with a +0 dagger. The goblin hits you but does no damage.
The hobgoblin misses you.
You shoot an arrow. The arrow barely misses the goblin.
The goblin no longer looks unusually strong.
The hobgoblin no longer looks unusually strong.
The goblin barely misses you. The goblin closely misses you.
The hobgoblin closely misses you.
You shoot an arrow. The arrow hits the goblin!
You kill the goblin!
The goblin completely misses you. The hobgoblin completely misses you.
You shoot an arrow. The arrow hits the goblin.
The goblin is moderately wounded.
The goblin hits you but does no damage. The hobgoblin hits you.
You die...

#.# #.#
#.#.###.##########
.................#
#.#.###.########.#
...............#.#
#...###.######.#.#
#. ##g# #.# #g@#
#.# #g## #.# <..
#.# #)### #.# ).
#.# .. #.# . #.#
#.# #.#


You could see a hobgoblin and 2 goblins.

Vanquished Creatures
  Robin (D:2)
  2 dart slugs (D:1)
  4 ball pythons
  4 endoplasms (D:1)
  A giant cockroach (D:1)
  11 goblins
  3 hobgoblins
  2 quokkas (D:1)
  A frilled lizard (D:1)
  2 kobolds (D:1)
  3 rats (D:1)
34 creatures vanquished.

Notes
Turn   | Place    | Note
-------+----------+-------------------------------------------
     0 | D:1      | qw the Spriggan Hunter began the quest for the Orb.
     0 | D:1      | Reached XP level 1. HP: 10/10 MP: 2/2
     0 | D:1      | 0 ||| qw: Version: 0.3-a-160-g6735b56
     0 | D:1      | 0 ||| qw: Game counter: 5488
     0 | D:1      | 0 ||| qw: Melee chars always use a shield: true
     0 | D:1      | 0 ||| qw: God list: Okawaru
     0 | D:1      | 0 ||| qw: Allow faded altars: false
     0 | D:1      | 0 ||| qw: Do Orc after clearing Dungeon:15 true
     0 | D:1      | 0 ||| qw: Do second Lair branch before Depths: true
     0 | D:1      | 0 ||| qw: Lair rune preference: random
     0 | D:1      | 0 ||| qw: Goals: Normal
     0 | D:1      | 0 ||| PLANNING D:1-11
    22 | D:1      | Reached skill level 3 in Dodging
    28 | D:1      | HP: 2/10 [constriction (1)]
    33 | D:1      | HP: 1/10 [rat (1)]
    38 | D:1      | Reached XP level 2. HP: 3/14 MP: 3/3
   115 | D:1      | Found a faded altar of an unknown god.
   394 | D:1      | Reached XP level 3. HP: 18/18 MP: 4/4
   438 | D:1      | 438 ||| UPGRADING to +2 cloak.
   443 | D:1      | 443 ||| READING scroll labelled HUERCH MEHYEP.
   444 | D:1      | 444 ||| READING scroll labelled ZOCLAL DETAD.
   447 | D:1      | 447 ||| READING scroll labelled URIRCH FOBRAYKE.
   448 | D:1      | 448 ||| DROPPING scroll of butterflies.
   491 | D:2      | Noticed Robin
   513 | D:2      | Killed Robin
   515 | D:2      | HP: 4/18 [goblin/+0 dagger[Robin] (3)]
   523 | D:2      | HP: 2/18 [hobgoblin[Robin] (3)]
   526 | D:2      | Slain by a hobgoblin

Levels and vault maps discovered:
D:1:      tarquinn_simple_flora_water_f, layout_rooms,
          hellmonk_ecumenical_altar_heavens_door
D:2:      layout_basic, uniq_robin

Skill      XL: |  1  2 |
---------------+-------+-----
Dodging        | 3 4 |  4.0
Fighting       | |  1.5
Ranged Weapons | |  4.8
Stealth        | |  1.5

Action                     || total
---------------------------++-------
   Fire: Shortbow          ||    93
    Use: Scroll            ||     3
 Armour: Robe              ||    29
  Dodge: Dodged            ||    78

Table legend:
 A = Non-vault XP
 B = Vault XP
 C = Vault XP percentage of total XP
 D = Non-vault monster count
 E = Vault monster count
 F = Vault count percentage of total count
                 A         B        C        D         E       F
            +---------+---------+-------+---------+---------+-------
      Total |      42 |      32 |  43.2 |      24 |      10 |  29.4
            +---------+---------+-------+---------+---------+-------
        D:1 |      41 |       0 |   0.0 |      23 |       0 |   0.0
        D:2 |       1 |      32 |  97.0 |       1 |      10 |  90.9
            +---------+---------+-------+---------+---------+-------
